AoeStats
← iAlejandrouae

Arena

505665652Analyzed
2v2 RM · 22d ago on Sep 10, 2026· 53m 32s· 4 players
Game mode
Random Map
Map size
Medium (4 player)
Population
200
Speed
Normal
Resources
Standard
Victory
Conquest
Starting age
Dark Age
Ending age
Imperial Age
RankedLock teamsTeams togetherTeam positionsShared explorationLock speedFull tech treeHidden civsTurbo modeCheats
Victory
Defeat
🇧🇪 Khmer · Belgium
1607
+13
🇨🇳 Britons · China
1461
+18
🇦🇷 Georgians · Argentina
1617
-19
🇨🇴 Italians · Colombia
1433
-12
uribeparacohp
6:30 Loom
9:11 Feudal Age
11:19 Fletching
19:18 Wheelbarrow
23:24 Castle Age
24:06 Double-Bit Axe
24:02 Horse Collar
24:51 Bodkin Arrow
36:48 Imperial Age
35:29 Padded Archer Armor
36:23 Ballistics
37:59 Bracer
39:38 Chemistry
iAlejandrouae
7:55 Feudal Age
7:09 Loom
9:24 Fletching
16:47 Wheelbarrow
22:44 Castle Age
22:14 Double-Bit Axe
22:10 Horse Collar
23:39 Bow Saw
25:46 Gold Mining
29:54 Scale Barding Armor
33:30 Bloodlines
33:20 Husbandry
36:14 Imperial Age
33:59 Hand Cart
33:30 Town Watch
34:42 Chain Barding Armor
34:32 Forging
35:49 Heavy Plow
36:20 Cavalier
37:36 Plate Barding Armor
38:17 Capped Ram
39:43 Iron Casting
39:32 Heavy Scorpion
42:30 Blast Furnace
41:57 Ballistics
44:27 Chemistry
43:33 Siege Engineers
43:18 Onager
46:45 Conscription
46:22 Bodkin Arrow
46:19 Guard Tower
46:09 Treadmill Crane
46:40 Masonry
47:27 Aznauri Cavalry
49:01 Light Cavalry
49:41 Hussar
f2p
10:08 Feudal Age
10:19 Loom
13:41 Castle Age
11:40 Double-Bit Axe
11:36 Horse Collar
12:27 Horse Collar
14:44 Bow Saw
21:33 Wheelbarrow
24:49 Town Watch
27:00 Hand Cart
26:57 Gold Mining
26:57 Stone Mining
31:39 Imperial Age
29:52 Stone Shaft Mining
29:52 Gold Shaft Mining
29:19 Heavy Plow
30:20 Bloodlines
30:11 Husbandry
30:43 Masonry
32:28 Ballistics
31:55 Elite Ballista Elephant
33:12 Conscription
33:45 Siege Engineers
34:08 Padded Archer Armor
35:51 Chemistry
35:08 Leather Archer Armor
35:50 Architecture
35:34 Fletching
36:29 Double Crossbow
36:04 Elite Skirmisher
36:47 Bodkin Arrow
37:22 Ring Archer Armor
37:54 Bracer
39:45 Hoardings
39:52 Pikeman
40:33 Scale Mail Armor
43:44 Scale Barding Armor
43:51 Forging
44:50 Chain Barding Armor
46:01 Chain Mail Armor
45:07 Halberdier
46:56 Forging
47:17 Tusk Swords
46:48 Sappers
47:55 Plate Barding Armor
50:39 Light Cavalry
51:55 Iron Casting
51:54 Hussar
王德发
11:07 Feudal Age
10:56 Loom
13:08 Fletching
21:12 Castle Age
21:58 Bodkin Arrow
25:38 Ballistics
26:42 Double-Bit Axe
26:34 Crossbowman
27:31 Gold Mining
31:58 Padded Archer Armor
32:01 Horse Collar
33:38 Pikeman
34:18 Squires
34:19 Scale Mail Armor
34:29 Forging
35:19 Leather Archer Armor
36:44 Town Watch
37:34 Wheelbarrow
38:47 Iron Casting
41:23 Imperial Age
40:33 Chain Mail Armor
41:30 Arbalester
42:11 Bracer
42:45 Arson
44:27 Chemistry
46:00 Plate Mail Armor
46:30 Blast Furnace
47:48 Ring Archer Armor
51:17 Blast Furnace
52:12 Bow Saw
52:29 Halberdier
54:29 Gold Shaft Mining
53:44 Stone Mining
54:29 Gold Shaft Mining
Connection lost

Rejoining the realm…

Still unreachable

The connection could not be restored.

Session expired

The server has moved on; the page needs a fresh start.